 Dungeon Crawl Stone Soup version 0.22.0-49-gab54619 (webtiles) character file.

409 wilfster70 the Shield-Bearer (level 6, -1/53 HPs)
             Began as a Gnoll Fighter on Sept 5, 2018.
             Slain by a slave (5 damage)
             ... led by Pikel
             ... on level 3 of the Dungeon.
             The game lasted 00:10:46 (3216 turns).

wilfster70 the Shield-Bearer (Gnoll Fighter)        Turns: 3216, Time: 00:10:47

Health: -1/53      AC:  7    Str: 19    XL:     6   Next: 89%
Magic:  9/9        EV:  9    Int: 11    God:
Gold:   145        SH: 11    Dex: 15    Spells: 9/9 levels left

rFire    . . .     SeeInvis .   a - +0 war axe
rCold    . . .     Gourm    .   c - +0 shield
rNeg     . . .     Faith    .   b - +0 scale mail
rPois    .         Spirit   .   (no helmet)
rElec    .         Reflect  .   (no cloak)
rCorr    .         Harm     .   (no gloves)
MR       .....                  (no boots)
Stlth    +.........             l - amulet of magic regeneration
HPRegen  0.17/turn              n - ring of wizardry
MPRegen  0.36/turn              (no ring)

@: no status effects
A: distributed training, fangs 1, strong nose
a: no special abilities


You were on level 3 of the Dungeon.
You were not hungry.

You visited 1 branch of the dungeon, and saw 4 of its levels.
You also visited: Sewer.

You collected 145 gold pieces.

Inventory:

Hand Weapons
 a - a +0 war axe (weapon)
Missiles
 e - 65 stones (quivered)
 i - 44 sling bullets
Armour
 b - a +0 scale mail (worn)
 c - a +0 shield (worn)
Jewellery
 l - an amulet of magic regeneration (around neck)
 n - a ring of wizardry (left hand)
Scrolls
 g - 3 scrolls of immolation {unknown}
 h - 5 scrolls of identify
 k - a scroll of enchant weapon {unknown}
 p - 3 scrolls of remove curse {unknown}
 r - a scroll of fog {unknown}
 u - 4 scrolls of teleportation {unknown}
 v - 4 scrolls of fear {unknown}
 w - a scroll of magic mapping {unknown}
Potions
 d - 5 potions of might
 j - a potion of flight {unknown}
 m - a potion of mutation {unknown}
 o - a potion of curing
 q - a potion of degeneration {unknown}
 s - a potion of heal wounds {unknown}
 t - 3 potions of magic
 x - a potion of lignification {unknown}
Comestibles
 f - 5 rations


   Skills:
 + Level 6.9 Fighting
 + Level 2.1 Short Blades
 + Level 2.1 Long Blades
 + Level 5.0 Axes
 + Level 2.1 Maces & Flails
 + Level 2.1 Polearms
 + Level 2.1 Staves
 + Level 2.1 Slings
 + Level 2.1 Bows
 + Level 2.1 Crossbows
 + Level 2.1 Throwing
 + Level 6.9 Armour
 + Level 2.1 Dodging
 + Level 2.1 Stealth
 + Level 6.9 Shields
 + Level 2.1 Unarmed Combat
 + Level 2.1 Spellcasting
 + Level 1.6 Conjurations
 + Level 1.6 Hexes
 + Level 1.6 Charms
 + Level 1.6 Summonings
 + Level 1.6 Necromancy
 + Level 1.6 Translocations
 + Level 1.6 Transmutations
 + Level 1.6 Fire Magic
 + Level 1.6 Ice Magic
 + Level 1.6 Air Magic
 + Level 1.6 Earth Magic
 + Level 1.6 Poison Magic
 + Level 2.3 Invocations
 + Level 2.1 Evocations


You had 9 spell levels left.
You didn't know any spells.
Your spell library contained the following spells:

 Spells                   Type           Power        Failure   Level  Hunger
 Confusing Touch          Hex            #.....       38%         1    ##.....
 Confuse                  Hex            #.......     75%         3    ####...
 Gell's Gravitas          Tloc           #.........   75%         3    ####...
 Petrify                  Tmut/Erth      #.......     98%         4    #####..
 Metabolic Englaciation   Hex/Ice        #.........   100%        5    ######.
 Yara's Violent Unravell  Hex/Tmut       #.........   100%        5    ######.


Dungeon Overview and Level Annotations

Branches:
Dungeon (4/15)
 Temple: D:4-7

Altars:
Kikubaaqudgha

Annotations:
D:4 Pikel


Innate Abilities, Weirdness & Mutations

Your experience applies equally to all skills.
You have very sharp teeth.
Your uncanny sense of smell can sniff out nearby items.


Message History

You closely miss the slave. Your bite misses the slave. The slave hits you. x2
You miss the slave. The slave barely misses you.
You barely miss the slave. The slave closely misses you.
You block the slave's attack.
You hit the slave but do no damage. The slave barely misses you.
You hit the slave. Your bite misses the slave.
The slave is moderately wounded.
The slave hits you.
* * * LOW HITPOINT WARNING * * *
You closely miss the slave.
The slave is moderately wounded.
The slave hits you.
* * * LOW HITPOINT WARNING * * *
The slave barely misses you.
You closely miss the slave.
The slave is lightly wounded.
The slave hits you!
* * * LOW HITPOINT WARNING * * *
The slave hits you.
You die...

#......# #.##..
#......# #.....
#......# #.....
####.### #.....
#.# #.....
#######.#####.....
#>..........'.....
#p#####.#####...#.
#@......# #.###.
#.......# #.# ##
#.......#####.# #
#...........#.# #
#...........#.# #
#...........#.#
#.##........#.# #
#.#####.#####.# #
#.#####.# #...# #


You could see a slave.

Vanquished Creatures
  2 bullfrogs (Sewer)
  A howler monkey (D:3)
  A bullfrog skeleton (D:4)
  4 adders
  8 river rats (Sewer)
  2 oozes (Sewer)
  2 worms
  A dart slug (D:1)
  4 leopard geckos
  5 giant cockroaches
  6 hobgoblins (D:1)
  7 kobolds
  16 ball pythons
  7 bats
  6 frilled lizards
  A goblin (D:1)
  31 rats
104 creatures vanquished.

Notes
Turn   | Place    | Note
-------+----------+-------------------------------------------
     0 | D:1      | wilfster70 the Gnoll Fighter began the quest for the Orb.
     0 | D:1      | Reached XP level 1. HP: 23/23 MP: 1/1
   275 | D:1      | Reached XP level 2. HP: 27/29 MP: 2/2
   582 | D:1      | Reached XP level 3. HP: 35/35 MP: 3/3
  1291 | D:3      | Reached skill level 1 in Invocations
  1312 | D:3      | Reached skill level 1 in Short Blades
  1312 | D:3      | Reached skill level 1 in Long Blades
  1312 | D:3      | Reached skill level 1 in Maces & Flails
  1312 | D:3      | Reached skill level 1 in Polearms
  1312 | D:3      | Reached skill level 1 in Staves
  1312 | D:3      | Reached skill level 1 in Slings
  1312 | D:3      | Reached skill level 1 in Bows
  1312 | D:3      | Reached skill level 1 in Crossbows
  1312 | D:3      | Reached skill level 1 in Throwing
  1312 | D:3      | Reached skill level 1 in Dodging
  1312 | D:3      | Reached skill level 1 in Stealth
  1312 | D:3      | Reached skill level 1 in Unarmed Combat
  1312 | D:3      | Reached skill level 1 in Spellcasting
  1312 | D:3      | Reached skill level 1 in Evocations
  1312 | D:3      | Reached XP level 4. HP: 41/41 MP: 5/5
  1506 | D:3      | Found an ancient bone altar of Kikubaaqudgha.
  1533 | D:3      | Reached skill level 1 in Conjurations
  1533 | D:3      | Reached skill level 1 in Hexes
  1533 | D:3      | Reached skill level 1 in Charms
  1533 | D:3      | Reached skill level 1 in Summonings
  1533 | D:3      | Reached skill level 1 in Necromancy
  1533 | D:3      | Reached skill level 1 in Translocations
  1533 | D:3      | Reached skill level 1 in Transmutations
  1533 | D:3      | Reached skill level 1 in Fire Magic
  1533 | D:3      | Reached skill level 1 in Ice Magic
  1533 | D:3      | Reached skill level 1 in Air Magic
  1533 | D:3      | Reached skill level 1 in Earth Magic
  1533 | D:3      | Reached skill level 1 in Poison Magic
  1564 | D:3      | Found a glowing drain.
  1587 | Sewer    | Entered a sewer
  1654 | Sewer    | Reached XP level 5. HP: 18/47 MP: 6/6
  2286 | Sewer    | Reached XP level 6. HP: 43/53 MP: 8/8
  2297 | Sewer    | Reached skill level 5 in Axes
  3144 | D:4      | Noticed a slave
  3146 | D:4      | Noticed Pikel
  3148 | D:4      | Noticed a slave
  3150 | D:4      | Noticed a slave
  3158 | D:4      | Noticed a slave
  3216 | D:3      | Slain by a slave

Skill      XL: |  1  2  3  4  5  6 |
---------------+-------------------+-----
Invocations    | 1 2 |  2.3
Short Blades   | 1 2 |  2.1
Long Blades    | 1 2 |  2.1
Maces & Flails | 1 2 |  2.1
Polearms       | 1 2 |  2.1
Staves         | 1 2 |  2.1
Slings         | 1 2 |  2.1
Bows           | 1 2 |  2.1
Crossbows      | 1 2 |  2.1
Throwing       | 1 2 |  2.1
Dodging        | 1 2 |  2.1
Stealth        | 1 2 |  2.1
Unarmed Combat | 1 2 |  2.1
Spellcasting   | 1 2 |  2.1
Evocations     | 1 2 |  2.1
Conjurations   | 1 |  1.6
Hexes          | 1 |  1.6
Charms         | 1 |  1.6
Summonings     | 1 |  1.6
Necromancy     | 1 |  1.6
Translocations | 1 |  1.6
Transmutations | 1 |  1.6
Fire Magic     | 1 |  1.6
Ice Magic      | 1 |  1.6
Air Magic      | 1 |  1.6
Earth Magic    | 1 |  1.6
Poison Magic   | 1 |  1.6
Axes           | 5 |  5.0
Fighting       | |  6.9
Armour         | |  6.9
Shields        | |  6.9

Action                   |  1- 3 |  4- 6 || total
-------------------------+-------+-------++-------
Melee: War axe           |    97 |   165 ||   262
       Bite              |    11 |    18 ||    29
  Use: Scroll            |       |     1 ||     1
       Potion            |       |     2 ||     2
  Eat: Chunk             |     1 |     7 ||     8
Armor: Scale mail        |    47 |    91 ||   138
Dodge: Dodged            |    18 |    78 ||    96
Block: Shield            |    41 |   153 ||   194
